 Dungeon Crawl Stone Soup version 0.23.2-30-g0e89c35649 (webtiles) character file.

Game seed: 16823542517178168714

20590 teukkam the Blocker (level 12, -2/112 HPs)
             Began as a Minotaur Fighter on June 15, 2019.
             Was the Champion of Lugonu.
             Slain by a yak (3 damage)
             ... on level 5 of the Lair of Beasts.
             The game lasted 00:49:55 (13331 turns).

teukkam the Blocker (Minotaur Fighter)             Turns: 13331, Time: 00:49:56

Health: -2/112     AC: 10    Str: 31    XL:     12   Next: 46%
Magic:  7/9        EV: 13    Int:  5    God:    Lugonu [******]
Gold:   769        SH: 15    Dex: 10    Spells: 10/11 levels left

rFire    + . .     SeeInvis +   a - +12 mace of Jeuwelo {pain, SInv}
rCold    . . .     Gourm    .   N - +2 shield
rNeg     + . .     Faith    .   o - +3 ring mail {rPois}
rPois    +         Spirit   .   (helmet restricted)
rElec    .         Reflect  .   u - scarf {repulsion}
rCorr    .         Harm     .   (no gloves)
MR       .....                  (no boots)
Stlth    ..........             (no amulet)
HPRegen  0.28/turn              x - +3 ring of evasion
MPRegen  0.11/turn              E - ring of positive energy

@: mighty, repel missiles
A: retaliatory headbutt, horns 2, talons 1, fire resistance 1, low mp 1
a: Depart the Abyss, Bend Space, Banish, Corrupt, Enter the Abyss, Brand Weapon
With Distortion, Renounce Religion


You were on level 5 of the Lair of Beasts.
You worshipped Lugonu.
Lugonu was exalted by your worship.
You were hungry.

You visited 2 branches of the dungeon, and saw 15 of its levels.
You also visited: Sewer.

You collected 769 gold pieces.

Inventory:

Hand Weapons
 a - the +12 mace of Jeuwelo (weapon) {pain, SInv}
   (You took it off a crimson imp on level 5 of the Dungeon)

   In the hands of one skilled in necromantic magic, it inflicts extra damage on
   living creatures.
   It lets you see invisible.
 b - the +8 hunting sling of Ytriyhex {freeze, *Slow rPois rF+ Str+3}
   (You found it on level 3 of the Lair of Beasts)

   It causes projectiles fired from it to freeze those they strike, causing
   extra injury to most foes and up to half again as much damage against
   particularly susceptible opponents.
   They can also slow down cold-blooded creatures.
   It affects your strength (+3).
   It protects you from fire.
   It protects you from poison.
   It may slow you when you take damage.
 c - a +2 scimitar of flaming
 j - a +1 war axe
 m - a +1 whip of electrocution
 q - a +4 dagger of chaos
 v - a +1 short sword of protection
 B - a +1 falchion of slicing
Missiles
 g - 101 sling bullets
 w - 469 stones (quivered)
 D - 5 throwing nets
 L - 19 poisoned needles
Armour
 o - a +3 ring mail of poison resistance (worn)
 u - a scarf of repulsion (worn)
 N - a +2 shield (worn)
Jewellery
 n - an uncursed amulet of harm
 x - a +3 ring of evasion (left hand)
 E - a ring of positive energy (right hand)
 R - the ring "Qaill" {Ice rElec Dex+3, unknown}
   (You found it on level 2 of the Lair of Beasts)

   [ring of ice]

   It enhances your ice magic.
   It affects your dexterity (+3).
   It makes you vulnerable to fire.
   It protects you from cold.
   It insulates you from electricity.
Wands
 l - a wand of flame (21)
 y - a wand of scattershot (8)
 J - a wand of iceblast (13)
 K - a wand of paralysis (8)
 U - a wand of enslavement (11)
Scrolls
 d - 3 scrolls of torment {unknown}
 h - 11 scrolls of identify
 i - 2 scrolls of magic mapping
 k - 2 scrolls of teleportation
 p - a scroll of fear {unknown}
 s - 2 scrolls of random uselessness {unknown}
 z - 4 scrolls of remove curse
 O - a scroll of silence {unknown}
 P - a scroll of vulnerability {unknown}
 T - a scroll of amnesia
Potions
 e - 2 potions of agility
 r - 3 potions of brilliance
 C - 2 potions of berserk rage {unknown}
 F - a potion of haste {unknown}
 G - 2 potions of heal wounds {unknown}
 H - 2 potions of flight
 I - a potion of invisibility
 Q - 2 potions of lignification {unknown}
 S - a potion of magic
Miscellaneous
 M - a lightning rod (4/4)
Comestibles
 f - 21 rations


   Skills:
 - Level 11.9 Fighting
 - Level 3.0(8.3) Axes
 + Level 11.8(12.0) Maces & Flails
 - Level 7.0 Slings
 - Level 11.9 Armour
 - Level 12.0 Shields
 + Level 2.4 Necromancy


You had 10 spell levels left.
You knew the following spells:

 Your Spells              Type           Power        Failure   Level  Hunger
a - Animate Skeleton      Necr           N/A          36%         1    ##.....

Your spell library contained the following spells:

 Spells                   Type           Power        Failure   Level  Hunger
 Apportation              Tloc           #.....       71%         1    ##.....
 Confusing Touch          Hex            #.....       71%         1    ##.....
 Summon Butterflies       Summ           #.......     71%         1    ##.....
 Summon Small Mammal      Summ           #...         71%         1    ##.....
 Call Imp                 Summ           #.......     83%         2    ###....
 Call Canine Familiar     Summ           #.......     97%         3    ####...
 Summon Guardian Golem    Hex/Summ       #.......     97%         3    ####...
 Summon Ice Beast         Ice/Summ       #.......     100%        4    #####..
 Summon Lightning Spire   Summ/Air       #.......     100%        4    #####..
 Summon Mana Viper        Hex/Summ       #.......     100%        5    ######.
 Ring of Flames           Chrm/Fire      #.........   100%        7    #######
 Summon Hydra             Summ           #.........   100%        7    #######
 Ignition                 Fire           #.........   100%        8    #######


Dungeon Overview and Level Annotations

Branches:
Dungeon (10/15)            Temple (0/1) D:6            Lair (5/6) D:10
 Spider (0/4) Lair:2          Orc (0/2) D:9
  Swamp: Lair:2-4    Shoals: Lair:2-4     Slime: Lair:5-6

Altars:
Okawaru
Uskayaw
Vehumet
Yredelemnul
Lugonu

Annotations:
Lair:3 3 runed translucent doors
Lair:4 Rupert, Urug


Innate Abilities, Weirdness & Mutations

You reflexively headbutt those who attack you in melee.
You have a pair of horns on your head.
You have sharp toenails.
Your flesh is heat resistant. (rF+)
Your magical capacity is low. (-10% MP)


Message History

Found an escape hatch in the ceiling.
Found a stone staircase leading up.
There is a stone staircase leading up here.
You don't have enough health at the moment.
You feel better. You block the crocodile's attack.
You block the spiny frog's attack.
You feel better. You block the crocodile's attack.
You block the spiny frog's attack.
Okay, then.
You feel very mighty all of a sudden. You block the spiny frog's attack.
The crocodile bites you!
* * * LOW HITPOINT WARNING * * *
Space bends around you!
You blink.
A porcupine and 2 yaks come into view.
The yak bellows!
You block the crocodile's attack.
There is a stone staircase leading up here.
The crocodile bites you!
* * * LOW HITPOINT WARNING * * *
You block the spiny frog's attack. The yak gores you.
You die...

##............
##.............
...............
.#.............
........Yr.$.....
...Y.Y..........
..?............
......YY.......
.#....Y@.......
..###.P..Ft...##..
..................
.......<....#.##..
..............# .
.....##.....#.#
#.... .#....## ...
......... .. ..
.......


You could see 6 yaks, a spiny frog, a crocodile and a porcupine.

Vanquished Creatures
  Erica (D:8)
  3 hydras
  Pikel (D:6)
  2 wolf spiders (Lair:2)
  A cyclops (D:10)
  Psyche (D:8)
  2 black mambas
  A centaur zombie (D:10)
  Joseph (D:8)
  4 spiny frogs
  A rime drake (Lair:1)
  5 blink frogs (Lair:3)
  34 yaks
  7 humans (D:8)
  A hungry ghost (D:9)
  2 wargs (D:9)
  Menkaure (D:5)
  4 water moccasins
  6 porcupines
  4 orc warriors
  2 black bears
  2 ice beasts
  2 sky beasts
  3 slaves (D:6)
  4 ogres
  3 phantoms
  2 centaurs (D:8)
  2 crocodiles
  13 bullfrogs
  A wyvern skeleton (D:7)
  3 scorpions
  3 killer bees (D:9)
  9 wights
  An electric eel (Lair:2)
  4 crimson imps
  A lava snake (Lair:2)
  A bullfrog zombie (D:7)
  2 orc priests
  A centaur skeleton (D:4)
  6 hounds
  A jelly (D:6)
  8 orc wizards
  Jessica (D:8)
  A bullfrog skeleton (D:4)
  3 iguanas
  5 worker ants
  2 killer bee zombies
  4 hound skeletons
  A hound zombie (D:5)
  Robin (D:4)
  A worker ant zombie (D:6)
  22 adders
  15 gnolls
  A shadow imp (D:9)
  An adder skeleton (D:5)
  5 worms (Lair:2)
  A dart slug (D:1)
  4 leopard geckos
  30 orcs
  13 giant cockroaches
  9 goblins
  8 hobgoblins
  18 jackals
  3 quokkas
  2 ball pythons
  2 bats (D:1)
  8 frilled lizards
  9 kobolds
  3 rats
329 creatures vanquished.

Vanquished Creatures (others)
  A quokka zombie (D:6)
  A fire vortex (Lair:2)
  12 fungi
  10 plants
  4 toadstools (D:1)
28 creatures vanquished.

Grand Total: 357 creatures vanquished

Notes
Turn   | Place    | Note
-------+----------+-------------------------------------------
     0 | D:1      | teukkam the Minotaur Fighter began the quest for the Orb.
     0 | D:1      | Reached XP level 1. HP: 19/19 MP: 0/0
   140 | D:1      | Reached XP level 2. HP: 24/27 MP: 1/1
   219 | D:1      | Reached skill level 4 in Shields
   319 | D:1      | Reached XP level 3. HP: 32/33 MP: 2/2
   827 | D:2      | Found a radiant altar of Vehumet.
  1116 | D:3      | Found a faded altar of an unknown god.
  1121 | D:3      | Became a worshipper of Lugonu the Unformed
  1121 | D:3      | Reached * piety under Lugonu
  1121 | D:3      | Reached ** piety under Lugonu
  1321 | D:2      | Reached XP level 4. HP: 37/41 MP: 3/3
  1763 | D:3      | Noticed a bullfrog
  1767 | D:3      | Killed a bullfrog
  1767 | D:3      | Reached skill level 1 in Maces & Flails
  1767 | D:3      | Reached XP level 5. HP: 42/47 MP: 4/4
  2126 | D:4      | Reached skill level 5 in Armour
  2135 | D:4      | Reached skill level 5 in Fighting
  2138 | D:4      | Reached skill level 5 in Shields
  2150 | D:4      | Noticed a phantom
  2155 | D:4      | Noticed Robin
  2174 | D:4      | Killed Robin
  2179 | D:4      | Killed a phantom
  2179 | D:4      | Reached XP level 6. HP: 36/56 MP: 5/5
  2307 | D:5      | Entered Level 5 of the Dungeon
  2587 | D:5      | Noticed Menkaure
  2626 | D:5      | Noticed a sky beast
  2634 | D:5      | Killed a sky beast
  2634 | D:5      | Reached XP level 7. HP: 49/62 MP: 6/6
  2648 | D:5      | Reached *** piety under Lugonu
  2702 | D:5      | Found a glowing drain.
  2786 | Sewer    | Entered a sewer
  3084 | Sewer    | Reached skill level 6 in Shields
  4397 | D:4      | Reached **** piety under Lugonu
  4461 | D:5      | Reached XP level 8. HP: 53/71 MP: 7/7
  4597 | D:5      | Reached skill level 5 in Maces & Flails
  4608 | D:5      | Identified the +12 mace of Jeuwelo {pain, SInv}
  4627 | D:5      | Reached skill level 7 in Shields
  4966 | D:5      | Killed Menkaure
  5703 | D:7      | You fall through a shaft for 3 floors!
  5703 | D:10     | Entered Level 10 of the Dungeon
  5881 | D:9      | Reached skill level 8 in Shields
  5886 | D:9      | Reached XP level 9. HP: 72/81 MP: 8/8
  6121 | D:9      | Found a staircase to the Orcish Mines.
  6402 | D:9      | Reached skill level 9 in Shields
  6687 | D:8      | Noticed Joseph
  6689 | D:8      | Gained mutation: Your flesh is heat resistant. (rF+)
                  | [potion of mutation]
  6689 | D:8      | Gained mutation: Your magical capacity is low. (-10% MP)
                  | [potion of mutation]
  6689 | D:8      | Gained mutation: You have sharp toenails. [potion of
                  | mutation]
  6700 | D:8      | Killed Joseph
  6796 | D:8      | Found a runed translucent door.
  6998 | D:8      | Reached XP level 10. HP: 85/91 MP: 8/8
  7002 | D:8      | Found an iron altar of Okawaru.
  7103 | D:8      | Found a runed translucent door.
  7109 | D:8      | Found a runed translucent door.
  7111 | D:8      | Found a runed translucent door.
  7121 | D:8      | Found a runed translucent door.
  7124 | D:8      | Found a runed translucent door.
  7126 | D:8      | Found a large runed translucent door.
  7127 | D:8      | Found a large runed translucent door.
  7146 | D:8      | Reached skill level 1 in Slings
  7150 | D:8      | Noticed Psyche
  7157 | D:8      | Killed Psyche
  7457 | D:8      | Noticed Jessica
  7480 | D:8      | Killed Jessica
  7555 | D:8      | Reached skill level 10 in Armour
  7555 | D:8      | Reached skill level 10 in Shields
  7561 | D:8      | Reached skill level 10 in Fighting
  7573 | D:8      | Reached ***** piety under Lugonu
  7610 | D:8      | Found a runed translucent door.
  7671 | D:8      | Found a hide-covered altar of Uskayaw.
  7883 | D:8      | Noticed Erica
  7887 | D:8      | Killed Erica
  8410 | D:9      | Reached XP level 11. HP: 100/101 MP: 8/8
  9197 | D:6      | Identified Ykuamm's Reference Book on the Volcanoes
  9330 | D:6      | Found a staircase to the Ecumenical Temple.
  9432 | D:6      | Found a basalt altar of Yredelemnul.
  9550 | D:6      | Noticed Pikel
  9561 | D:6      | Killed Pikel
 10159 | D:10     | Reached skill level 5 in Slings
 10166 | D:10     | Reached skill level 10 in Maces & Flails
 10179 | D:10     | Reached skill level 11 in Shields
 10328 | D:10     | Found a staircase to the Lair.
 10340 | Lair:1   | Entered Level 1 of the Lair of Beasts
 11265 | Lair:2   | Noticed a five-headed hydra
 11274 | Lair:2   | Killed a five-headed hydra
 11337 | Lair:2   | Found a gate leading to a gauntlet.
 11421 | Lair:2   | Noticed an eight-headed hydra
 11431 | Lair:2   | Killed an eight-headed hydra
 11431 | Lair:2   | Reached XP level 12. HP: 40/111 MP: 9/9
 11622 | Lair:2   | Found a hole to the Spider Nest.
 11886 | Lair:2   | Reached ****** piety under Lugonu
 12134 | Lair:2   | Reached skill level 12 in Shields
 12462 | Lair:2   | Got a transparent leather armour
 12476 | Lair:2   | Identified the +1 leather armour of Utajin Elapt {rC+
                  | Slay-6 Stlth+} (You found it on level 2 of the Lair of
                  | Beasts)
 12587 | Lair:2   | Got a heavily runed pewter ring
 12707 | Lair:2   | Learned a level 1 spell: Animate Skeleton
 12739 | Lair:3   | Got a faintly glowing hunting sling
 12740 | Lair:3   | Identified the +8 hunting sling of Ytriyhex {freeze, *Slow
                  | rPois rF+ Str+3} (You found it on level 3 of the Lair of
                  | Beasts)
 12779 | Lair:3   | Reached skill level 1 in Necromancy
 13096 | Lair:3   | Noticed a six-headed hydra
 13102 | Lair:3   | Killed a six-headed hydra
 13243 | Lair:4   | Noticed a five-headed hydra
 13284 | Lair:3   | Found a runed translucent gate.
 13284 | Lair:3   | Found a runed translucent gate.
 13284 | Lair:3   | Found a runed translucent gate.
 13308 | Lair:4   | Noticed Rupert
 13315 | Lair:4   | Noticed Urug
 13317 | Lair:4   | HP: 4/112 [Rupert/+3 battleaxe of electrocution (8)]
 13331 | Lair:5   | HP: 1/112 [crocodile (14)]
 13331 | Lair:5   | Slain by a yak

Skill      XL: |  1  2  3  4  5  6  7  8  9 10 11 12 |
---------------+-------------------------------------+-----
Armour         | 4 5 6 8 9 10 11 | 11.9
Shields        | 4 5 6 8 9 10 11 12 | 12.0
Fighting       | 4 5 6 8 9 10 11 | 11.9
Axes           | 3 |  3.0
Maces & Flails | 1 2 3 4 6 8 9 10 11 | 11.8
Slings         | 4 6 7 |  7.0
Necromancy     | 2 |  2.4

Action                   |  1- 3 |  4- 6 |  7- 9 | 10-12 || total
-------------------------+-------+-------+-------+-------++-------
Melee: War axe           |    95 |    86 |   136 |       ||   317
       Headbutt          |    10 |    17 |    40 |    72 ||   139
       Whip              |       |    18 |    14 |       ||    32
       Mace              |       |       |   119 |   434 ||   553
       Kick              |       |       |     3 |   131 ||   134
 Fire: Hunting sling     |       |       |     5 |   123 ||   128
Invok: Bend Space        |       |       |       |    11 ||    11
Evoke: Wand              |       |       |     1 |     5 ||     6
  Use: Scroll            |     1 |     1 |    10 |       ||    12
       Potion            |       |     1 |     8 |     6 ||    15
  Eat: Chunk             |       |     2 |     8 |     6 ||    16
       Ration            |       |     1 |     2 |     4 ||     7
Armor: Scale mail        |    46 |    46 |    50 |       ||   142
       Leather armour    |       |       |    11 |       ||    11
       Ring mail         |       |       |     2 |    73 ||    75
Dodge: Dodged            |    38 |    32 |    78 |   138 ||   286
       Deflected         |       |       |     2 |     3 ||     5
Block: Shield            |    65 |    68 |   150 |   233 ||   516
